 Dungeon Crawl Stone Soup version 0.29-a0-613-gf2c431b9b9 (webtiles) character file.

Game seed: 9408268345566920801

11018 zeratav the Destroyer (level 11, -16/77 HPs)
             Began as an Octopode Conjurer on June 17, 2022.
             Was an Initiate of Gozag.
             Shot with an arrow by a centaur warrior (22 damage)
             ... on level 11 of the Dungeon.
             The game lasted 00:28:01 (12466 turns).

zeratav the Destroyer (Octopode Conjurer)          Turns: 12466, Time: 00:28:03

Health: -16/77     AC:  5    Str:  8    XL:     11   Next: 71%
Magic:  11/41      EV: 13    Int: 30    God:    Gozag
Gold:   500        SH:  0    Dex: 10    Spells: 20/27 levels left

rFire   + . .      SeeInvis .   f - +2 dagger (venom) {short}
rCold   . . .      Faith    .   (no shield)
rNeg    . . .      Spirit   .   (helmet restricted)
rPois   .          Reflect  .   m - amulet of regeneration {@e2}
rElec   .          Harm     .   d - ring of willpower
rCorr   .          Rampage  .   e - ring of magical power
Will    +....                   h - ring of magical power
Stlth   ++++......              t - +4 ring of protection
HPRegen 1.02/turn               g - ring of the Puckish Grape {*Corrode Int+6 Slay+6}
MPRegen 0.27/turn               B - ring of protection from fire
                                (no ring)
                                (no ring)

@: no status effects
A: almost no armour, amphibious, 8 rings, camouflage 1, gelatinous body 1,
(nimble swimmer 1), tentacles
a: Renounce Religion, Potion Petition, Call Merchant, Bribe Branch


You were on level 11 of the Dungeon.
You worshipped Gozag.
Gozag was pleased with you.
You visited 2 branches of the dungeon, and saw 12 of its levels.

You collected 687 gold pieces.
You paid 187 gold pieces to Gozag.


Innate Abilities, Weirdness & Mutations

You cannot wear most types of armour.
You are amphibious.
You can wear up to eight rings at the same time.
Your skin changes colour to match your surroundings (Stealth+).
Your rubbery body absorbs attacks. (AC +1, EV +1)
((You are camouflaged when in or above water. (Stealth+)))
You have tentacles for arms and can constrict up to eight enemies at once.


   Skills:
 + Level 8.2 Fighting
 - Level 2.0 Dodging
 - Level 5.0 Stealth
 - Level 8.5 Spellcasting
 - Level 13.2 Conjurations
 - Level 4.0 Translocations


You had 20 spell levels left.
You knew the following spells:

 Your Spells              Type           Power      Damage    Failure   Level
a - Magic Dart            Conj           100%       1d8       1%          1
b - Searing Ray           Conj           100%       2d8       1%          2
c - Iskenderun's Mystic   Conj/Tloc      59%        2d12      1%          4

Your spell library contained the following spells:

 Spells                   Type           Power      Damage    Failure   Level
 Foxfire                  Conj/Fire      100%       2x1d9     1%          1
 Conjure Flame            Conj/Fire      51%        6-21      1%          3
 Dazzling Flash           Conj/Hex       100%       N/A       1%          3
 Stone Arrow              Conj/Erth      100%       3d13      1%          3
 Flame Wave               Conj/Fire      51%        2d10      2%          4
 Fulminant Prism          Conj/Hex       25%        3d14      2%          4
 Sticky Flame             Conj/Fire      51%        2d7       2%          4
 Sandblast                Erth           24%        2d8       4%          1
 Slow                     Hex            48%        N/A       4%          1
 Ensorcelled Hibernation  Hex/Ice        24%        N/A       6%          2
 Passwall                 Tmut/Erth      10%        N/A       6%          2
 Confusing Touch          Hex            12%        N/A       12%         3
 Ignite Poison            Fire/Tmut/Pois 12%        N/A       12%         3
 Inner Flame              Hex/Fire       12%        N/A       12%         3
 Spider Form              Tmut/Pois      12%        N/A       12%         3
 Vampiric Draining        Necr           12%        2d6       12%         3
 Anguish                  Hex/Necr       6%         N/A       38%         4

Inventory:

Hand Weapons
 f - a +2 dagger of venom (weapon) {short}
   (You took it off a kobold on level 1 of the Dungeon)
Jewellery
 d - a ring of willpower (left tentacle)
   (You found it on level 1 of the Dungeon)
 e - a ring of magical power (right tentacle)
   (You found it on level 1 of the Dungeon)
 g - the ring of the Puckish Grape (on tentacle) {*Corrode Int+6 Slay+6}
   (You acquired it on level 5 of the Dungeon)

   [ring of intelligence]

   Int:       It affects your intelligence (+6).
   Slay:      It affects your accuracy & damage with ranged weapons and melee
   (+6).
   *Corrode:  It may corrode you when you take damage.
 h - a ring of magical power (on tentacle)
   (You found it on level 1 of the Dungeon)
 m - an amulet of regeneration (around mantle) {@e2}
   (You found it on level 2 of the Dungeon)
 s - a ring of ice
   (You found it on level 3 of the Dungeon)
 t - a +4 ring of protection (on tentacle)
   (You found it on level 3 of the Dungeon)
 B - a ring of protection from fire (on tentacle)
   (You found it on level 7 of the Dungeon)
Wands
 x - a wand of polymorph (19)
   (You found it on level 6 of the Dungeon)
 D - a wand of acid (17)
   (You found it on level 7 of the Dungeon)
 F - a wand of flame (21)
   (You found it on level 8 of the Dungeon)
 K - a wand of digging (5)
   (You found it on level 10 of the Dungeon)
Scrolls
 c - 3 scrolls of teleportation {unknown}
 k - a scroll of torment {!r}
 n - a scroll of vulnerability {!r!r}
 o - a scroll of amnesia
 r - 3 scrolls of fog {unknown}
 y - a scroll of noise {unknown}
 z - a scroll of immolation {unknown}
 C - a scroll of poison {unknown}
 E - a scroll of magic mapping {!r}
 G - a scroll of summoning {unknown}
 J - a scroll of enchant weapon {unknown}
 M - a scroll of identify {@r1}
Potions
 a - a potion of magic
 b - 2 potions of lignification {unknown}
 i - a potion of haste {unknown}
 j - a potion of flight {unknown}
 l - 2 potions of resistance {unknown}
 q - 4 potions of curing {unknown}
 u - 4 potions of brilliance {unknown}
 v - 3 potions of might
 w - a potion of ambrosia {unknown}
 A - 2 potions of heal wounds {unknown}
 H - a potion of degeneration {unknown}
 I - a potion of invisibility {unknown}
 L - a potion of berserk rage {unknown}
Miscellaneous
 p - a phial of floods (inert)
   (You found it on level 3 of the Dungeon)

Dungeon Overview and Level Annotations

Branches:
Dungeon (11/15) Zot: 26975  Temple (1/1) D:4 Zot: 5826
   Lair: D:8-11         Orc: D:9-12

Altars:
Ashenzari
Cheibriados
Dithmenos
Elyvilon
Fedhas
Gozag
Hepliaklqana
Kikubaaqudgha
Makhleb
Nemelex Xobeh
Okawaru
Qazlal
Ru
Sif Muna
Trog
Uskayaw
Vehumet
Wu Jian
Xom
Yredelemnul
Zin
The Shining One

Shops:
D:5 (

Annotations:
D:9 3 runed translucent doors, Gastronok; snarfax's ghost, journeyman MiBe

.# .# .## ..
#.#########
#.........##.
#...........
#.@.$.).....
##..........#
#..(.$....##
.....#..........
..####....c≈≈...
# #....≈≈≈... $
##.#.≈≈≈...
#.#.......
#.#.......


You could see a centaur warrior (waterlogged).


Message History

You lost 3 mp, and now have 33/41 mp.
Casting: Iskenderun's Mystic Blast (dangerous; 1% risk of failure)
Confirm with . or Enter, or press ? or * to list all spells.
You erupt in a blast of force!
The mystic blast hits the komodo dragon.
The komodo dragon is knocked back by the mystic blast.
MP[-4]
You lost 4 mp, and now have 29/41 mp.
Casting: Iskenderun's Mystic Blast (dangerous; 1% risk of failure)
Confirm with . or Enter, or press ? or * to list all spells.
You can't see any susceptible monsters within range! (Use Z to cast anyway.) Unknown command.
The magic dart hits the komodo dragon but does no damage.
MP[-1]
You lost 1 mp, and now have 28/41 mp.
Casting: Magic Dart (safe; 1% risk of failure)
Confirm with . or Enter, or press ? or * to list all spells.
You erupt in a blast of force!
The mystic blast hits the komodo dragon.
The komodo dragon is knocked back by the mystic blast.
The mystic blast hits the orc!
You kill the orc!
A centaur warrior comes into view.
MP[-4]
You lost 4 mp, and now have 24/41 mp.
The magic dart hits the komodo dragon.
The magic dart hits the komodo dragon.
MP[-1]
You lost 1 mp, and now have 23/41 mp.
The magic dart hits the komodo dragon.
You kill the komodo dragon!
MP[-1]
You lost 1 mp, and now have 22/41 mp.
The magic dart hits the centaur warrior.
The centaur warrior hits you!
The centaur warrior kicks you but does no damage.
HP[-12]
You take 12 damage, and now have 65/77 hp.
Casting: Magic Dart (safe; 1% risk of failure)
Confirm with . or Enter, or press ? or * to list all spells.
You erupt in a blast of force!
The mystic blast hits the centaur warrior.
The centaur warrior is knocked back by the mystic blast.
HP[+1] MP[-4]
You lost 4 mp, and now have 18/41 mp.
The magic dart hits the centaur warrior.
The centaur warrior wields a +0 shortbow.
The centaur warrior shoots an arrow.
The arrow hits you!!
HP[-17] MP[-1]
You take 17 damage, and now have 49/77 hp.
MASSIVE DAMAGE!! (PAUSE)
You lost 1 mp, and now have 17/41 mp.
You are too injured to fight recklessly!
The centaur warrior unwields a +0 shortbow.
The centaur warrior hits you but does no damage.
The centaur warrior closely misses you.
HP[+1]
Casting: Magic Dart (safe; 1% risk of failure)
Confirm with . or Enter, or press ? or * to list all spells.
You erupt in a blast of force!
The mystic blast hits the centaur warrior!
The centaur warrior is knocked back by the mystic blast.
The centaur warrior wields a +0 shortbow.
The centaur warrior shoots an arrow.
The arrow hits you!
HP[-6] MP[-3]
You take 6 damage, and now have 44/77 hp.
You lost 3 mp, and now have 14/41 mp.
The centaur warrior shoots an arrow.
The arrow hits you!
* * * LOW HITPOINT WARNING * * *
You see here 12 gold pieces.
HP[-14]
You take 14 damage, and now have 30/77 hp.
Aim the phial where?
Press: ? - help, Q - select action, (/) - cycle Shift-Dir - straight line, f/p - centaur warrior
Aim: a centaur warrior, wielding a +0 shortbow (heavily wounded)
The torrent of water hits the centaur warrior!
The centaur warrior is knocked back by the torrent of water.
The wave splashes down.
The centaur warrior is engulfed in water.
You hear a shout! x6; You hear a bellow!
You hear a shout! x4
HP[+1] HP[+1]
The centaur warrior shoots an arrow.
The arrow hits you!
* * * LOW HITPOINT WARNING * * *
There is a stone staircase leading up, spattered with blood here.
HP[-15] MP[+1]
You take 15 damage, and now have 17/77 hp.
Casting: Iskenderun's Mystic Blast (dangerous; 1% risk of failure)
Confirm with . or Enter, or press ? or * to list all spells.
You erupt in a blast of force!
The mystic blast hits the centaur warrior!
The centaur warrior is knocked back by the mystic blast.
The centaur warrior shoots an arrow.
The arrow hits you!
* * * LOW HITPOINT WARNING * * *
HP[-12] MP[-4]
You take 12 damage, and now have 5/77 hp.
You lost 4 mp, and now have 11/41 mp.
The centaur warrior shoots an arrow.
The arrow hits you!!
You die...
Your body crumbles into a pile of gold.

Skill      XL: |  1  2  3  4  5  6  7  8  9 10 11 |
---------------+----------------------------------+-----
Stealth        | 3 4 5 |  5.0
Conjurations   | 5 6 7 9 11 13 | 13.2
Translocations | 1 2 3 4 |  4.0
Spellcasting   | 3 4 5 7 8 |  8.5
Fighting       | 8 |  8.2
Dodging        | |  2.0

Action                   |  1- 3 |  4- 6 |  7- 9 | 10-12 || total
-------------------------+-------+-------+-------+-------++-------
Melee: Club              |     1 |       |       |       ||     1
       Dagger            |       |       |     2 |    10 ||    12
       Constrict         |       |       |       |     2 ||     2
       Tentacles         |       |       |       |     1 ||     1
 Cast: Magic Dart        |    66 |   126 |    76 |    56 ||   324
       Searing Ray       |       |    25 |    73 |    22 ||   120
       Iskenderun's Myst |       |       |    30 |   107 ||   137
Evoke: Phial of floods   |       |       |       |     1 ||     1
  Use: Scroll            |       |       |     7 |       ||     7
 Stab: Sleeping          |       |       |       |     1 ||     1
Armor: Skin              |     1 |       |    13 |     9 ||    23
Dodge: Dodged            |     3 |    18 |    29 |    57 ||   107

Levels and vault maps discovered:
D:1:      wander_arrival_peaceful_grave, layout_loops_corners,
          ebering_ecumenical_altar_mist, st_stairs_6
D:2:      layout_loops_ring
D:3:      layout_basic, minmay_checkerbox
D:4:      layout_basic, grunt_dithmenos_smoke, minmay_temple_entry_hall,
          uniq_natasha, uniq_duvessa
D:5:      layout_basic, serial_shops, nicolae_stop_n_shop_1
D:6:      layout_basic, lemuel_tele_altar, nemelex_diamond_rough_becter,
          dreamdust_gnoll_farm
D:7:      layout_basic, abandoned_shop
D:8:      layout_basic, uniq_prince_ribbit1, uniq_grum, uniq_maggie, uniq_psyche
D:9:      layout_loops_ring, okawaru_trees_1, gammafunk_ghost_icy, minivault_8,
          uniq_harold, uniq_gastronok
D:10:     layout_roguey, mainiacjoe_overflow_catwalk_spiral, serial_curves,
          eino_curves_02, eino_curves_04, eino_curves_03
D:11:     layout_rooms, david_lair_generic, orc_0_dummy, water_boxes_lemuel,
          uniq_snorg, uniq_erica
Temple:   nicolae_temple_elliptical

Notes
Turn   | Place    | Note
-------+----------+-------------------------------------------
     0 | D:1      | zeratav the Octopode Conjurer began the quest for the Orb.
     0 | D:1      | Reached XP level 1. HP: 11/11 MP: 3/3
     0 | D:1      | magus.rc [v1.9.6]
   225 | D:1      | Reached skill level 3 in Stealth
   225 | D:1      | Reached XP level 2. HP: 17/17 MP: 3/5
   742 | D:1      | Found a faded altar of an unknown god.
   916 | D:1      | Reached XP level 3. HP: 21/21 MP: 6/6
  1523 | D:2      | Learned a level 2 spell: Searing Ray
  1526 | D:2      | Identified the +2 leather armour of Ranang {rF+ rC+ Int-4
                  | Dex+5}
  1567 | D:2      | Reached XP level 4. HP: 20/27 MP: 7/7
  2546 | D:3      | Reached skill level 4 in Stealth
  2546 | D:3      | Reached skill level 5 in Conjurations
  2859 | D:3      | Reached XP level 5. HP: 31/31 MP: 9/9
  3049 | D:3      | You pick up a book of Flames and begin reading...
  3049 | D:3      | You add the spells Foxfire, Conjure Flame, Inner Flame and
                  | Flame Wave to your library.
  3103 | D:3      | Reached skill level 1 in Translocations
  3371 | D:4      | Noticed an ogre
  3380 | D:4      | Killed an ogre
  3381 | D:4      | Reached skill level 3 in Spellcasting
  3381 | D:4      | Reached XP level 6. HP: 36/36 MP: 10/10
  3472 | D:4      | Found a staircase to the Ecumenical Temple.
  3478 | Temple   | Entered the Ecumenical Temple
  3655 | D:4      | Found a shadowy altar of Dithmenos.
  3665 | D:4      | You add the spells Ignite Poison and Sticky Flame to your
                  | library.
  3753 | D:4      | Noticed Natasha
  3758 | D:4      | Killed Natasha
  4148 | D:4      | Reached skill level 5 in Stealth
  4148 | D:4      | Reached skill level 2 in Translocations
  4266 | D:4      | Reached skill level 6 in Conjurations
  4336 | D:4      | Noticed Duvessa
  4368 | D:4      | Noticed Dowan
  4494 | D:4      | HP: 6/36 [Duvessa/+0 short sword (10)]
  4494 | D:4      | HP: 1/36 [Duvessa/+0 short sword (5)]
  4495 | D:4      | Killed Dowan
  4496 | D:4      | Killed Duvessa
  4497 | D:4      | Reached XP level 7. HP: 4/41 MP: 12/12
  4822 | D:5      | Entered Level 5 of the Dungeon
  4881 | D:5      | Reached skill level 4 in Spellcasting
  4881 | D:5      | Reached skill level 3 in Translocations
  4895 | D:5      | Reached skill level 7 in Conjurations
  5005 | D:5      | Found Ahinoly's Weapon Shop.
  5319 | D:5      | Reached XP level 8. HP: 46/46 MP: 14/14
  5360 | D:5      | You pick up a book of Debilitation and begin reading...
  5360 | D:5      | You add the spells Slow, Vampiric Draining and Confusing
                  | Touch to your library.
  5436 | D:5      | Identified a scroll of acquirement
  5440 | D:5      | Acquired the ring of the Puckish Grape {*Corrode Int+6
                  | Slay+6}
  5556 | D:6      | You fall into a shaft and drop 3 floors!
  5560 | D:9      | Noticed Harold
  5603 | D:9      | Found a runed translucent gate.
  5603 | D:9      | Found a runed translucent gate.
  5603 | D:9      | Found a runed translucent gate.
  5770 | D:6      | Reached skill level 4 in Translocations
  5925 | D:6      | Reached skill level 8 in Conjurations
  5963 | D:6      | Learned a level 4 spell: Iskenderun's Mystic Blast
  6002 | D:6      | Found a sparkling altar of Nemelex Xobeh.
  6040 | D:6      | Reached skill level 5 in Spellcasting
  6200 | D:6      | You pick up a book of Dreams and begin reading...
  6200 | D:6      | You add the spells Ensorcelled Hibernation, Spider Form and
                  | Anguish to your library.
  6251 | D:6      | Noticed a wraith
  6267 | D:6      | Killed a wraith
  6392 | D:6      | Reached skill level 9 in Conjurations
  6392 | D:6      | Reached XP level 9. HP: 51/51 MP: 17/17
  6484 | D:6      | Found a white marble altar of Elyvilon.
  7073 | D:7      | Reached skill level 6 in Spellcasting
  7679 | D:8      | Noticed Prince Ribbit
  7687 | D:8      | Killed Prince Ribbit
  7688 | D:8      | Reached skill level 10 in Conjurations
  8115 | D:8      | Noticed Grum
  8121 | D:8      | Killed Grum
  8126 | D:8      | Reached skill level 11 in Conjurations
  8237 | D:8      | Noticed Maggie
  8246 | D:8      | Killed Maggie
  8247 | D:8      | Reached skill level 7 in Spellcasting
  8247 | D:8      | Reached XP level 10. HP: 56/56 MP: 20/20
  8611 | D:8      | Noticed Psyche
  8615 | D:8      | Killed Psyche
  8682 | D:8      | Reached skill level 12 in Conjurations
  9357 | D:9      | Reached skill level 8 in Spellcasting
  9550 | D:9      | Noticed a molten gargoyle
  9551 | D:9      | Noticed a molten gargoyle
  9552 | D:9      | Noticed a molten gargoyle
  9557 | D:9      | Noticed a molten gargoyle
  9563 | D:9      | Killed a molten gargoyle
  9568 | D:9      | Killed a molten gargoyle
  9569 | D:9      | Reached skill level 13 in Conjurations
  9569 | D:9      | Killed a molten gargoyle
  9570 | D:9      | Reached XP level 11. HP: 36/61 MP: 4/23
  9584 | D:9      | HP: 9/61 [molten gargoyle/bolt of magma (17)]
  9712 | D:9      | HP: 4/61 [molten gargoyle/bolt of magma (16)]
  9823 | D:9      | Reached skill level 2 in Fighting
  9911 | D:9      | Noticed a two-headed ogre
  9923 | D:9      | Noticed a sixfirhy
  9924 | D:9      | Reached skill level 3 in Fighting
  9930 | D:9      | Killed a two-headed ogre
  9931 | D:9      | Reached skill level 4 in Fighting
 10134 | D:9      | Reached skill level 5 in Fighting
 10178 | D:9      | Found an iron altar of Okawaru.
 10194 | D:9      | Identified the +2 pair of gloves "Geciwef" {rPois rF+ rC+
                  | Str+3}
 10570 | D:9      | Killed Harold
 10571 | D:9      | Reached skill level 6 in Fighting
 10574 | D:9      | Noticed Gastronok
 11434 | D:9      | Noticed snarfax's ghost (journeyman MiBe)
 11479 | D:10     | Entered Level 10 of the Dungeon
 11549 | D:10     | Reached skill level 7 in Fighting
 11599 | D:10     | Found a basalt altar of Yredelemnul.
 11603 | D:10     | Found an opulent altar of Gozag.
 11626 | D:10     | Became a worshipper of Gozag Ym Sagoz the Greedy
 11730 | D:10     | You pick up a book of Geomancy and begin reading...
 11730 | D:10     | You add the spells Sandblast, Passwall and Stone Arrow to
                  | your library.
 12288 | D:10     | Reached skill level 8 in Fighting
 12452 | D:11     | Noticed a centaur warrior
 12464 | D:11     | HP: 17/77 [centaur warrior/arrow (16)]
 12465 | D:11     | HP: 5/77 [centaur warrior/arrow (13)]
 12466 | D:11     | Shot with an arrow by a centaur warrior

Vanquished Creatures
  Harold (D:9)
  A two-headed ogre (D:9)
  4 molten gargoyles (D:9)
  Maggie (D:8)
  A kobold demonologist (D:9)
  A komodo dragon (D:11)
  4 trolls
  Prince Ribbit (D:8)
  A shadow (D:10)
  A vampire (D:9)
  A wraith (D:6)
  9 yaks
  Grum (D:8)
  2 water moccasins
  An acid dragon (D:9)
  Duvessa (D:4)
  A sky beast (D:4)
  4 orc warriors
  2 ice beasts
  A black bear (D:5)
  2 ogres
  3 wolves (D:8)
  3 centaurs
  6 kobold brigands
  2 bullfrogs (D:6)
  A necrophage (D:6)
  A gnoll sergeant (D:5)
  3 scorpions
  5 wights (D:9)
  Dowan (D:4)
  14 killer bees
  4 howler monkeys
  2 jellies
  5 hounds
  An orc priest (D:7)
  2 gnoll shamans (D:7)
  2 iguanas
  Natasha (D:4)
  14 orc wizards
  14 gnolls
  8 adders
  2 worms (D:3)
  3 dart slugs
  21 orcs
  7 bats
  5 endoplasms
  4 giant cockroaches
  10 goblins
  4 hobgoblins
  6 jackals
  5 quokkas
  9 ball pythons
  6 frilled lizards
  30 kobolds
  2 rats
247 creatures vanquished.

Vanquished Creatures (others)
  Psyche (D:8)
  A fungus (D:6)
2 creatures vanquished.

Grand Total: 249 creatures vanquished

Table legend:
 A = Non-vault XP
 B = Vault XP
 C = Vault XP percentage of total XP
 D = Non-vault monster count
 E = Vault monster count
 F = Vault count percentage of total count
                 A         B        C        D         E       F
            +---------+---------+-------+---------+---------+-------
      Total |   11291 |    4449 |  28.3 |     224 |      24 |   9.7
            +---------+---------+-------+---------+---------+-------
        D:1 |      43 |       1 |   2.3 |      27 |       1 |   3.6
        D:2 |      58 |       0 |   0.0 |      12 |       0 |   0.0
        D:3 |      68 |      17 |  20.0 |      22 |       4 |  15.4
        D:4 |     460 |     237 |  34.0 |      20 |       3 |  13.0
        D:5 |     411 |       0 |   0.0 |      11 |       0 |   0.0
        D:6 |    1090 |     111 |   9.2 |      12 |       4 |  25.0
        D:7 |     622 |       0 |   0.0 |      25 |       0 |   0.0
        D:8 |    2597 |    1460 |  36.0 |      36 |       7 |  16.3
        D:9 |    3870 |    2623 |  40.4 |      43 |       5 |  10.4
       D:10 |    1714 |       0 |   0.0 |      14 |       0 |   0.0
       D:11 |     358 |       0 |   0.0 |       2 |       0 |   0.0
            +---------+---------+-------+---------+---------+-------

Illustrated notes

Table legend:
 A = Kills in this place as a percentage of kills in entire the game.
 B = Kills by you in this place as a percentage of kills by you in the entire game.
 C = Kills by friends in this place as a percentage of kills by friends in the entire game.
 D = Other kills in this place as a percentage of other kills in the entire game.
 E = Experience gained in this place as a percentage of experience gained in the entire game.
 F = Experience gained in this place divided by the number of levels of this place that you have seen.
                   A       B       C       D       E      F
               +-------+-------+-------+-------+-------+----------------------
         Total | 100.0 | 100.0 |   N/A | 100.0 | 100.0 | 1311.7
       Dungeon | 100.0 | 100.0 |   N/A | 100.0 | 100.0 | 1430.9
               +-------+-------+-------+-------+-------+----------------------

Table legend: (Time is in decaauts)
 A = Elapsed time spent in this place.
 B = Non-inter-level travel time spent in this place.
 C = Inter-level travel time spent in this place.
 D = Time resting spent in this place.
 E = Time spent auto-exploring this place.
 F = Levels seen in this place.
 G = Mean time per level.
                   A        B        C        D        E       F      G
               +--------+--------+--------+--------+--------+-----+--------+
         Total |  12476 |  12096 |    380 |   2298 |   7519 |  12 | 1039.7 |
       Dungeon |  12303 |  11931 |    372 |   2298 |   7367 |  11 | 1118.5 |
        Temple |    173 |    166 |      7 |      0 |    152 |   1 |  173.0 |
               +--------+--------+--------+--------+--------+-----+--------+

Top non-repeatable levels by time:
     D:8: 2399 daAuts
     D:9: 1519 daAuts
     D:4: 1454 daAuts
     D:1: 1367 daAuts
     D:6: 1042 daAuts
     D:7: 1041 daAuts
     D:3: 1033 daAuts
    D:10: 962 daAuts
     D:2: 885 daAuts
     D:5: 572 daAuts
  Temple: 173 daAuts
    D:11: 23 daAuts
